 Dungeon Crawl Stone Soup version 0.30.0-16-gbe6223bb7e (webtiles) character file.

Game seed: 4109535170268665399

2445 GigaChad the Covered (level 9, -6/67 (79) HPs)
             Began as an Armataur Fighter on May 17, 2023.
             Was an Initiate of Gozag.
             Mangled by a wight
             ... wielding a +3 long sword
              (12 damage)
             ... on level 7 of the Dungeon on May 21, 2023.
             The game lasted 00:11:29 (7375 turns).

GigaChad the Covered (Armataur Fighter)             Turns: 7375, Time: 00:11:29

HP:   -6/67 (79)    AC: 12    Str: 23    XL:     9   Next: 25%
MP:   9/9           EV:  6    Int:  8    God:    Gozag
Gold: 391           SH:  5    Dex: 13    Spells: 8/8 levels left

rFire   . . .        f - +2 war axe (elec)
rCold   . . .        c - +0 buckler
rNeg    . . .        m - +1 chain mail
rPois   .            (no helmet)
rElec   .            E - +0 cloak "Ruosarul" {Will+}
rCorr   .            (no gloves)
SInv    .            (no barding)
Will    ++...        (no amulet) Stlth
                     e - ring of willpower
HPRegen 0.31/turn    (no ring)
MPRegen 0.11/turn

%: roll
@: gold aura, heavily drained
A: large, rugged brown scales 3, deformed body, armoured tail, roll, long
tongue, awkward tongue
a: Renounce Religion, Potion Petition, Call Merchant, Bribe Branch


You were on level 7 of the Dungeon.
You worshipped Gozag.
Gozag was aware of your devotion.
You visited 2 branches of the dungeon, and saw 8 of its levels.

You collected 774 gold pieces.
You spent 275 gold pieces at shops.
You paid 108 gold pieces to Gozag.

Inventory:

Hand Weapons
 a - a +1 war axe
 f - a +2 war axe of electrocution (weapon)
 p - a +2 quarterstaff of chaos
 y - a +1 glaive of protection
 H - a +0 battleaxe
Armour
 b - a +0 scale mail
 c - a +0 buckler (worn)
 m - a +1 chain mail (worn)
 q - a +0 cloak
 E - the +0 cloak "Ruosarul" (worn) {Will+}
   (You bought it in a shop on level 3 of the Dungeon)

   Will:      It increases your willpower.
Jewellery
 e - a ring of willpower (left hand)
 g - an amulet of magic regeneration
 j - an amulet of guardian spirit
 n - a ring of magical power
 I - a ring of wizardry
Wands
 o - a wand of roots (8)
 C - a wand of flame (22)
Scrolls
 h - a scroll of blinking
 r - 3 scrolls of teleportation
 t - a scroll of poison {unknown}
 u - a scroll of fear {unknown}
 v - a scroll of noise
 z - a scroll of magic mapping {unknown}
 A - 6 scrolls of identify
 B - a scroll of vulnerability {unknown}
 D - 2 scrolls of fog {unknown}
Potions
 d - 2 potions of might
 i - 3 potions of berserk rage
 k - 3 potions of lignification {unknown}
 l - 2 potions of ambrosia {unknown}
 s - a potion of mutation {unknown}
 w - 3 potions of attraction {unknown}
 x - 3 potions of heal wounds {unknown}
 F - 2 potions of flight {unknown}
 G - 2 potions of haste {unknown}


   Skills:
 * Level 5.2 Fighting
 * Level 7.1 Axes
 * Level 7.7 Armour
 * Level 4.4 Stealth
 * Level 5.5 Shields


You had 8 spell levels left.
You didn't know any spells.
Your spell library contained the following spells:

 Spells                   Type           Power      Damage    Failure   Level
 Summon Small Mammal      Summ           0%         N/A       95%         1
 Blink                    Tloc           0%         N/A       98%         2
 Lesser Beckoning         Tloc           0%         N/A       98%         2
 Momentum Strike          Conj/Tloc      0%         3d8       98%         2
 Gell's Gravitas          Tloc           0%         N/A       100%        3
 Teleport Other           Tloc           0%         N/A       100%        3
 Dispersal                Tloc           0%         N/A       100%        6


Dungeon Overview and Level Annotations

Branches:
Dungeon (7/15)             Temple (1/1) D:5

Altars:
Ashenzari
Elyvilon
Gozag
Kikubaaqudgha
Nemelex Xobeh
Qazlal
Ru
Sif Muna
Uskayaw
Vehumet
Xom
Zin

Shops:
D:1 (   D:3 [   D:4 =*


Innate Abilities, Weirdness & Mutations

You are completely covered in rugged brown scales. (AC +3, +7% HP)
Armour fits poorly on your strangely shaped body.
You have a long armoured tail.
You roll when moving toward enemies. (Rampage)
Your long tongue fully drains potion bottles. (2x potion effects)
Your tongue gives you trouble enunciating. (1.5x scroll delay)


Message History

The wight hits you from afar with a +4 trident.
You feel drained. The wight hits you but does no damage.
Unknown command.
You barely miss the wight.
The wight is almost destroyed.
The wight hits you from afar with a +4 trident!
You feel drained. The wight hits you but does no damage.
Unknown command.
You are too injured to fight recklessly!
Unknown command.
You are too injured to fight recklessly!
Unknown command.
You are too injured to fight recklessly!
Unknown command.
You are too injured to fight recklessly!
Unknown command.
You are too injured to fight recklessly!
Unknown command.
You hit the wight.
You destroy the wight!
The wight is no longer distracted by gold.
The wight hits you from afar with a +4 trident!
* * * LOW HITPOINT WARNING * * *
You feel drained.
* * * LOW HITPOINT WARNING * * *
You roll towards the wight!
You slash the wight!
The wight is heavily damaged.
The wight hits you with a +4 trident.
* * * LOW HITPOINT WARNING * * *
You feel drained.
* * * LOW HITPOINT WARNING * * *
You block the wight's attack.
You slash the wight!
You destroy the wight!
You slash the wight!
You tail-slap the wight, but do no damage.
The wight is heavily damaged.
The wight hits you with a +3 long sword!
You die...
Your body crumbles into a pile of gold.

#...#.##. ..... #...#.##. ...
#..#...#.##. #...# ...
#..'...'...) ## #...# ...
#.##...#.##. .. +...+ #'#
#.#.##...#.#.. .#####...#####
#z#.#.#.######.###
.#...........#.#z#.#.#.# #.# .#
...........#@#.#.#.# #.#
.#####.....#.###$#.#.#.# #.###
....).(..........#.#.#.######....
.....[...........#.#.#.#.........
######..#....##.##.........>.....
.......).....#.......#.....#####.
######.........................#.
#.......#.#.###....#..###.#.
#[#....##.#.# #.......#.#.#.


You could see 2 wights.

Vanquished Creatures
  2 vampire mosquitoes (D:7)
  2 water moccasins (D:6)
  An ice beast (D:7)
  A sky beast (D:7)
  An ogre (D:4)
  3 centaurs
  3 phantoms
  A scorpion (D:5)
  A bullfrog (D:6)
  7 wights (D:7)
  A howler monkey (D:5)
  An orc priest (D:6)
  5 jellies
  A gnoll bouda (D:5)
  2 hounds
  Crazy Yiuf (D:2)
  3 iguanas (D:5)
  An orc wizard (D:6)
  12 gnolls
  7 adders
  2 river rats (D:4)
  A shadow imp (D:7)
  2 white imps
  2 ufetubi
  2 worms
  2 dart slugs
  13 orcs
  10 endoplasms
  A giant cockroach (D:4)
  6 goblins
  12 hobgoblins
  13 jackals
  5 quokkas
  8 ball pythons
  3 bats (D:3)
  9 kobolds
  12 rats
159 creatures vanquished.

Notes
Turn   | Place    | Note
-------+----------+-------------------------------------------
     0 | D:1      | GigaChad the Armataur Fighter began the quest for the Orb.
     0 | D:1      | Reached XP level 1. HP: 19/19 MP: 1/1
   145 | D:1      | Upgraded the game from 0.30.0-13-g156ef70053 to
                  | 0.30.0-16-gbe6223bb7e
   147 | D:1      | Reached XP level 2. HP: 26/26 MP: 2/2
   522 | D:1      | Reached XP level 3. HP: 33/33 MP: 3/3
   610 | D:1      | Found Emoxarph's Weapon Emporium.
  1437 | D:2      | Found a runed translucent door.
  1438 | D:2      | Noticed Crazy Yiuf
  1657 | D:2      | Killed Crazy Yiuf
  1658 | D:2      | Reached XP level 4. HP: 27/40 MP: 4/4
  1759 | D:3      | Found Xyileop's Antique Armour Shop.
  1775 | D:3      | Reached skill level 1 in Stealth
  2068 | D:3      | Identified the +2 robe "Heaveum" {Harm}
  2230 | D:3      | Found an ancient bone altar of Kikubaaqudgha.
  2236 | D:3      | Found a shimmering blue altar of Sif Muna.
  2238 | D:3      | Found a radiant altar of Vehumet.
  2243 | D:3      | Got Sif Muna's Vellum of Convocation
  2281 | D:3      | Found a shimmering altar of Xom.
  2290 | D:3      | Found a white marble altar of Elyvilon.
  2290 | D:3      | Found a broken altar of Ashenzari.
  2292 | D:3      | Found a shimmering altar of Xom.
  2292 | D:3      | Found a hide-covered altar of Uskayaw.
  2292 | D:3      | Found a white marble altar of Elyvilon.
  2463 | D:4      | Reached XP level 5. HP: 48/48 MP: 5/5
  2660 | D:4      | Noticed an ogre
  2665 | D:4      | Killed an ogre
  2684 | D:4      | Reached XP level 6. HP: 6/54 MP: 6/6
  2883 | D:4      | Found Ycvayl Cen's Neck Hole.
  2902 | D:4      | Found Jufauco's Jewellery Shoppe.
  3854 | D:5      | Entered Level 5 of the Dungeon
  3872 | D:5      | Reached skill level 5 in Armour
  4241 | D:5      | Reached XP level 7. HP: 54/62 MP: 7/7
  4301 | D:5      | Found a staircase to the Ecumenical Temple.
  4309 | Temple   | Entered the Ecumenical Temple
  4316 | Temple   | Became a worshipper of Gozag Ym Sagoz the Greedy
  5067 | D:3      | Bought a brightly glowing cloak for 275 gold pieces
  5067 | D:3      | Identified the +0 cloak "Ruosarul" {Will+} (You bought it
                  | in a shop on level 3 of the Dungeon)
  5187 | D:6      | Found a stormy altar of Qazlal.
  5210 | D:6      | Reached skill level 5 in Axes
  5396 | D:6      | Reached XP level 8. HP: 52/70 MP: 8/8
  5753 | D:6      | Reached skill level 5 in Shields
  6680 | D:7      | Reached XP level 9. HP: 78/78 MP: 9/9
  6704 | D:7      | Reached skill level 5 in Fighting
  7375 | D:7      | Mangled by a wight

Illustrated notes

Levels and vault maps discovered:
D:1:      scummos_arrival_checkerplants, layout_basic, serial_shops,
          nicolae_shop_window_shopping
D:2:      layout_rooms, serial_rivers, chequers_serial_rivers_room_a,
          chequers_serial_rivers_micro_e, chequers_serial_rivers_micro_d,
          chequers_serial_rivers_small_b, uniq_crazy_yiuf_cottage
D:3:      layout_basic, grunt_temple_overflow_magic_moments,
          doesnt_xom_only_xom, serial_shops, nicolae_shop_trees
D:4:      layout_layer_cave, gup_sewer_entry_spiral, serial_shops,
          nicolae_shop_trees, nicolae_shop_sticking_my_neck_out
D:5:      layout_basic, minmay_temple_entry_tees, serial_rivers,
          chequers_serial_rivers_large_b, chequers_serial_rivers_small_b,
          chequers_serial_rivers_small_3, chequers_serial_rivers_micro_e,
          chequers_serial_rivers_micro_b, chequers_serial_rivers_micro_c,
          hangedman_decor_clover_reticule
D:6:      minmay_spotlight, layout_basic, grunt_qazlal_sundering
D:7:      layout_basic, minmay_the_grid_2x2 [minmay_the_grid_slots,
          minmay_the_grid_holed_spiral, minmay_the_grid_doors,
          minmay_the_grid_prize_shrinking_boxes]
Temple:   eino_wide_crystal_templ

Skill      XL: |  1  2  3  4  5  6  7  8  9 |
---------------+----------------------------+-----
Fighting       | 3 4 5 |  5.2
Axes           | 2 3 4 5 6 7 |  7.1
Armour         | 4 5 6 7 |  7.7
Stealth        | 1 2 3 4 |  4.4
Shields        | 4 5 |  5.5

Action                     |  1- 3 |  4- 6 |  7- 9 || total
---------------------------+-------+-------+-------++-------
  Melee: War axe           |   111 |   130 |   152 ||   393
         Tailslap          |    17 |    13 |    18 ||    48
    Use: Scroll            |       |     8 |     2 ||    10
   Stab: Distracted        |       |       |     1 ||     1
 Armour: Scale mail        |    50 |    11 |       ||    61
         Chain mail        |       |    45 |    72 ||   117
  Dodge: Dodged            |    41 |    40 |    49 ||   130
  Block: Buckler           |    22 |    26 |    33 ||    81
